Map: Thunderbird LE

Players

Urigan - Winner!

  • Race: Zerg Zerg
  • League: Diamond
  • Spawn Location: 11:00

Woah

  • Race: Terran Terran
  • League: Platinum
  • Spawn Location: 5:00

VOD

Have the link to the VOD?

Description

Time

  • Played on: June 14, 2019, 2:24 p.m.
  • Length: 16:15
Show
View Real Time Build Order
Export as new Build Order

Urigan Zerg - Winner!

Build Orders: Hatch First, Muta Ling Bane 

Get SALT Encoding   

  12  0:03  Drone  
  13  0:15  Drone  
  13  0:20  Overlord  
  14  0:39  Drone x3  
  17  0:53  Hatchery  
  16  0:59  Drone  
  16  1:01  Drone  
  18  1:13  Extractor  
  18  1:15  Spawning Pool  
  18  1:18  Drone  
  17  1:23  Drone  
  18  1:35  Drone  
  19  1:52  Drone  
  20  1:54  Overlord  
  20  2:02  Queen  
  20  2:04  Queen  
  20  2:06  Zergling x4  
  26  2:13  Metabolic Boost  
  26  2:26  Drone  
  26  2:27  Drone x3  
  29  2:44  Spore Crawler  
  28  2:53  Queen  
  28  3:09  Zergling x12  
  29  3:48  Zergling x2  
  29  3:49  Zergling x10  
  34  4:28  Drone  
  34  4:29  Drone  
  36  4:43  Overlord x3  
  36  4:45  Hatchery  
  35  4:54  Lair  
  35  5:00  Roach Warren  
  34  5:15  Evolution Chamber  
  34  5:19  Drone  
  34  5:20  Evolution Chamber, Drone x11, Baneling Nest  
  43  5:27  Queen  
  45  5:42  Extractor  
  44  5:43  Zerg Melee Weapons Level 1  
  44  5:47  Zerg Ground Armor Level 1  
  44  5:52  Extractor  
  44  5:54  Extractor  
  44  5:55  Drone  
  44  5:56  Drone x8  
  51  6:03  Centrifical Hooks  
  51  6:09  Baneling x2  
  51  6:10  Baneling  
  51  6:17  Drone  
  51  6:18  Drone x4  
  56  6:28  Drone  
  56  6:29  Drone x3  
  56  6:30  Drone  
  61  6:43  Spire  
  61  6:46  Overlord x2  
  60  6:53  Overlord x2  
  60  6:59  Drone  
  60  7:00  Spore Crawler, Drone x3  
  63  7:23  Drone x10  
  63  7:24  Infestation Pit, Drone x3  
  63  7:26  Extractor  
  63  7:28  Extractor  
  73  7:35  Overlord x3  
  73  7:37  Overseer  
  73  7:40  Pneumatized Carapace  
  73  7:43  Zergling x2  
  74  7:44  Zergling x4  
  74  7:50  Queen  
  78  7:56  Zerg Melee Weapons Level 2  
  78  7:59  Zerg Ground Armor Level 2  
  78  8:00  Mutalisk  
  78  8:01  Mutalisk  
  80  8:24  Drone x2  
  80  8:25  Drone x10  
  91  8:35  Overlord  
  91  8:36  Overlord x2  
  91  8:39  Hive  
  91  8:40  Pathogen Glands  
  91  8:41  Mutalisk x2  
  95  8:54  Hatchery  
  94  8:58  Baneling  
  94  8:59  Baneling x5  
  94  9:10  Zergling x16  
  94  9:11  Zergling x14  
  94  9:14  Mutalisk x2  
  113  9:19  Overseer  
  113  9:31  Baneling x7  
  113  9:41  Zergling x2  
  113  9:42  Zergling x24  
  126  9:46  Baneling  
  124  10:15  Ultralisk Cavern  
  124  10:16  Zerg Ground Armor Level 3, Zerg Melee Weapons Level 3  
  124  10:19  Adrenal Glands  
  123  10:25  Overlord x6  
  123  10:33  Zergling x2  
  123  10:34  Zergling x20  
  130  10:47  Zergling x2  
  130  10:48  Zergling x14  
  136  10:59  Baneling x3  
  136  11:00  Baneling x2  
  136  11:10  Baneling x5  
  136  11:17  Mutalisk  
  136  11:18  Mutalisk x7  
  143  11:49  Ultralisk  
  143  11:50  Ultralisk  
  143  11:54  Zergling x16  
  148  11:55  Zergling x16  
  148  11:58  Chitinous Plating  
  163  12:13  Extractor  
  157  12:18  Extractor  
  157  12:22  Zergling x2  
  119  12:23  Zergling x22  
  118  12:38  Ultralisk  
  118  12:39  Ultralisk x2  
  118  12:41  Zergling x2  
  118  12:42  Zergling x16  
  145  12:44  Baneling x6  
  145  12:45  Baneling x5  
  144  13:02  Zerg Missile Weapons Level 1  
  144  13:05  Baneling  
  144  13:06  Baneling x7  
  144  13:12  Drone x9  
  146  13:31  Zergling x2  
  146  13:32  Zergling x26  
  137  13:52  Anabolic Synthesis  
  137  13:53  Spire  
  137  13:54  Burrow  
  134  14:03  Ultralisk x2  
  146  14:10  Queen x2  
  146  14:16  Hatchery, Overseer  
  149  14:19  Hatchery, Baneling  
  149  14:20  Baneling x7  
  148  14:25  Greater Spire  
  136  15:01  Baneling  
  136  15:02  Baneling x13  
  136  15:04  Infestor  
  136  15:05  Infestor x2  
Show
View Real Time Build Order
Export as new Build Order

Woah Terran 

Build Orders:  

Get SALT Encoding   

  12  0:01  SCV  
  13  0:13  SCV  
  14  0:18  Supply Depot  
  14  0:26  SCV  
  15  0:39  SCV  
  15  0:40  Barracks  
  16  0:44  Refinery  
  16  0:56  Barracks  
  16  1:00  SCV  
  17  1:12  SCV  
  18  1:28  Reaper, Orbital Command  
  19  1:36  Barracks  
  19  1:45  Reaper  
  20  1:50  Refinery  
  20  1:56  Supply Depot  
  20  1:58  SCV  
  21  2:04  Reaper  
  22  2:11  Supply Depot  
  22  2:14  SCV  
  23  2:19  Reaper  
  24  2:26  SCV  
  25  2:30  Reaper  
  26  2:38  SCV  
  28  2:44  Reaper  
  28  3:00  Reaper  
  28  3:02  Reaper  
  30  3:16  Reaper  
  31  3:27  Engineering Bay  
  31  3:29  Command Center  
  31  3:32  Reaper  
  32  3:37  Reaper  
  33  3:48  Reaper  
  29  4:22  Barracks Tech Lab, Barracks Reactor  
  26  4:26  Factory  
  26  4:27  Terran Infantry Weapons Level 1  
  26  4:41  Bunker  
  26  4:42  Command Center  
  26  4:45  Stimpack  
  26  4:49  Orbital Command  
  26  5:03  Supply Depot  
  26  5:14  Marine x4  
  27  5:19  Starport  
  27  5:21  SCV  
  31  5:22  Factory Reactor  
  31  5:24  Orbital Command  
  31  5:33  SCV  
  32  5:39  Supply Depot  
  32  5:46  SCV, Barracks Reactor  
  32  5:49  Marine  
  33  5:50  Engineering Bay, Marine  
  33  5:51  Marine  
  36  5:59  SCV  
  37  6:07  Engineering Bay  
  37  6:09  SCV  
  38  6:13  Armory  
  38  6:17  SCV  
  38  6:18  Supply Depot  
  39  6:25  SCV x2  
  41  6:32  Terran Infantry Armor Level 1  
  41  6:37  Factory Tech Lab  
  41  6:39  Medivac  
  43  6:40  Medivac  
  43  6:44  Orbital Command  
  43  6:46  SCV  
  46  6:49  SCV  
  47  6:55  Combat Shield  
  47  6:59  SCV  
  48  7:01  SCV  
  48  7:05  Refinery  
  48  7:06  Orbital Command  
  49  7:11  SCV, Marine x2  
  49  7:13  SCV, Marine x3  
  56  7:20  Barracks  
  56  7:21  Barracks  
  56  7:26  Barracks  
  56  7:27  Medivac  
  56  7:29  Marine x2  
  60  7:37  Siege Tank  
  63  7:45  Marine x2  
  63  7:47  SCV  
  66  7:52  SCV x2  
  66  7:54  Refinery  
  68  7:59  Medivac  
  70  8:23  Marine x5  
  71  8:27  Siege Tank  
  71  8:28  SCV x3  
  71  8:32  Barracks Reactor x2  
  77  8:34  Barracks Tech Lab  
  77  8:40  Marine  
  77  8:41  Marine x2  
  79  8:44  Marine  
  81  8:50  Supply Depot  
  81  8:51  Supply Depot  
  81  8:53  Terran Infantry Armor Level 2  
  81  8:56  SCV x3  
  81  8:59  Siege Tank  
  81  9:01  Missile Turret  
  81  9:02  Missile Turret  
  87  9:08  SCV x2, Terran Infantry Weapons Level 2  
  87  9:09  Marine  
  89  9:10  Marine x3  
  89  9:12  Marine x6  
  99  9:29  Marine  
  99  9:30  Marauder x2, Marine x5  
  109  9:47  Supply Depot x2  
  109  9:48  Supply Depot  
  109  9:49  Marine x7  
  115  10:07  Marine x2  
  115  10:09  Thor, Marine  
  115  10:10  Marine x2  
  115  10:11  Marine x5  
  131  10:21  Missile Turret  
  131  10:23  Missile Turret  
  131  10:25  Marine x2  
  131  10:27  Marine  
  131  10:28  Marine x2  
  134  10:31  Missile Turret  
  128  10:52  Ghost Academy  
  128  10:53  SCV x3  
  128  10:54  Marauder, Marine x4  
  128  10:55  Marauder, Marine  
  128  10:56  Command Center  
  140  11:05  SCV  
  141  11:25  Marine  
  141  11:26  Marine x5  
  141  11:43  Marine x2  
  141  11:44  Marine  
  141  11:52  Ghost, Marine x6  
  141  11:58  Terran Infantry Armor Level 3  
  141  12:01  Terran Infantry Weapons Level 3  
  141  12:09  Ghost  
  138  12:21  Ghost  
  105  12:24  Marine x6  
  105  12:25  Marine x2  
  109  12:38  Marine  
  109  12:41  Liberator x2  
  109  12:42  Marine x4  
  114  12:49  Ghost  
  113  12:53  Thor  
  113  12:55  Ghost  
  121  13:03  Starport, Barracks  
  121  13:05  SCV x2, Starport  
  77  13:35  Ghost  
  77  13:36  Ghost  
  79  13:45  Planetary Fortress  
  65  13:58  SCV  
  65  13:59  SCV x2  
  67  14:03  Starport Tech Lab  
  67  14:04  Starport Reactor, Ghost  
  69  14:10  SCV  
  69  14:11  SCV x2  
  72  14:19  Marine  
  72  14:20  Marine x8  
  72  14:23  SCV x3, Concussive Shells  
  84  14:25  Thor  
  90  14:50  Marine  
  90  14:51  Marine x9  
  90  14:52  SCV x3  
  103  15:04  SCV  
  104  15:08  Ghost x2, Marine x2  
  104  15:11  SCV x2  
  104  15:13  Refinery  
  112  15:16  SCV  
  112  15:20  Fusion Core  
Tags
 
Composition
Muta Ling Bane
Matchup
TvZ
Replay Pack
r1
Spawn Locations
Cross Positions
Add a new tag
Caveats
  • Supply blocks, unpowered buildings, or Contaminate may cause inaccurate times.
  • Supply counts are checked every 10 seconds.